 Dungeon Crawl Stone Soup version 0.18-a0-1497-g788d838 (webtiles) character file.

1052 Sargon the Grappler (level 8, -5/74 HPs)
             Began as a Troll Monk on Mar 4, 2016.
             Was a Priest of Ru.
             Shot with an arrow by a centaur (9 damage)
             ... on level 8 of the Dungeon.
             The game lasted 00:13:47 (2864 turns).

Sargon the Grappler (Troll Monk)                    Turns: 2864, Time: 00:13:47

Health: -5/74      AC:  7    Str: 21    XL:     8   Next: 5%
Magic:  7/7        EV: 10    Int:  6    God:    Ru [***...]
Gold:   204        SH:  0    Dex: 13    Spells: 0 memorised, 7 levels left

rFire  + . .     SeeInvis .       - Unarmed
rCold  . . .     Gourm    +     a - +0 robe
rNeg   . . .     Faith    .     (no shield)
rPois  .         Spirit   .     (helmet restricted)
rElec  .         Dismiss  .     v - +1 cloak
rCorr  .         Reflect  .     (gloves unavailable)
SustAt .         Harm     .     (boots unavailable)
MR     .....                    (no amulet)
Stlth  +.........               (no ring)
                                t - ring of protection from fire

@: not resistant to hostile enchantments, very unstealthy
A: unfitting armour, claws 3, fast metabolism 3, gourmand, regeneration 2,
shaggy fur 1, tough skin 2, inability to use devices
a: Draw Out Power, Renounce Religion


You were on level 8 of the Dungeon.
You worshipped Ru.
Ru was most pleased with you.
You were not hungry.

You visited 2 branches of the dungeon, and saw 7 of its levels.

You collected 204 gold pieces.

Inventory:

Missiles
 d - 5 large rocks (quivered)
Armour
 a - a +0 robe (worn)
 v - a +1 cloak (worn)
Jewellery
 t - a ring of protection from fire (left claw)
Scrolls
 e - 6 scrolls of identify {unknown}
 f - a scroll of amnesia {unknown}
 g - 2 scrolls of recharging {unknown}
 h - 5 scrolls of teleportation {unknown}
 i - 2 scrolls of remove curse {unknown}
 q - a scroll of random uselessness {unknown}
 r - 2 scrolls of blinking {unknown}
 s - a scroll of immolation {unknown}
 w - a scroll of enchant weapon {unknown}
Potions
 c - a potion of degeneration {unknown}
 k - 2 potions of resistance {unknown}
 l - a potion of magic {unknown}
 m - 2 potions of brilliance {unknown}
 o - a potion of cancellation {unknown}
 p - 3 potions of curing {unknown}
 u - a potion of agility {unknown}
Comestibles
 b - 4 bread rations
 j - 2 meat rations
 n - a slice of pizza
 x - 6 chunks of flesh


   Skills:
 - Level 2.4 Fighting
 - Level 2.5 Dodging
 - Level 1.1 Stealth
 + Level 10.1 Unarmed Combat


You had 7 spell levels left.
You didn't know any spells.

Dungeon Overview and Level Annotations

Branches:
Dungeon (5/15)             Temple (1/1) D:4

Altars:
Ashenzari
Dithmenos
Elyvilon
Fedhas
Gozag
Kikubaaqudgha
Makhleb
Nemelex Xobeh
Pakellas
Qazlal
Ru
Sif Muna
Trog
Vehumet
Xom
Zin

Shops:
D:4 [

Annotations:
D:8 Gastronok


Innate Abilities, Weirdness & Mutations

You are too large for most types of armour.
You have claws for hands.
Your metabolism is lightning-fast.
You like to eat raw meat.
You heal very quickly.
You are covered in fur (AC +1).
You have very tough skin (AC +2).
You cannot study or use magical devices.


Message History

You see here an arrow.
The centaur shoots an arrow.
The arrow hits you.
The centaur shoots an arrow.
The arrow hits you.
You see here 2 arrows.
The centaur is stunned by your will and fails to attack.
The centaur shoots an arrow.
The arrow hits you.
You see here an arrow.
You see here a hand axe.
The centaur shoots an arrow.
The arrow hits you.
* * * LOW HITPOINT WARNING * * *
You see here an arrow.
The yak gores you!
* * * LOW HITPOINT WARNING * * *
The centaur is stunned by your will and fails to attack.
The centaur shoots an arrow.
The arrow hits you.
* * * LOW HITPOINT WARNING * * *
You see here an arrow.
Items here: ( ))) รทรท The centaur shoots an arrow.
The arrow hits you!
You die...

...........#..#####.#.###.#.#
...........#..(#......\.#.#.#
...........##.Y#.##.#.#.#.#.#
)..........##.Y..##.#.#.#...#
...........###c..##.#.#.#.###
############ #...##.#.#.#.#
##.Y##.#.#.###
######.)##.#.#.#
.(.....@)(.#.#.# ############


You could see 3 yaks and a centaur.

Vanquished Creatures
  2 yaks (D:8)
  Menkaure (D:4)
  An ogre (D:4)
  A big kobold (D:8)
  A giant frog (D:8)
  An orc priest (D:4)
  3 orc wizards
  A giant frog skeleton (D:5)
  2 iguanas
  A worker ant (D:4)
  A killer bee zombie (D:8)
  6 gnolls
  4 adders
  An ooze (D:1)
  A worm (D:2)
  2 dart slugs
  4 giant geckos
  4 orcs (D:8)
  5 giant cockroaches
  8 goblins
  7 hobgoblins
  6 jackals
  11 kobolds
  2 quokkas
  A ball python (D:1)
  4 bats
  5 giant newts
  5 rats
91 creatures vanquished.

Notes
Turn   | Place    | Note
--------------------------------------------------------------
     0 | D:1      | Sargon the Troll Monk began the quest for the Orb.
     0 | D:1      | Reached XP level 1. HP: 22/22 MP: 0/0
    89 | D:1      | Reached XP level 2. HP: 29/29 MP: 1/1
   469 | D:1      | Reached XP level 3. HP: 36/36 MP: 2/2
   654 | D:1      | Reached skill level 5 in Unarmed Combat
   750 | D:2      | Reached XP level 4. HP: 35/44 MP: 3/3
   816 | D:2      | Found a bloodstained altar of Trog.
  1020 | D:2      | Found a faded altar to an unknown god.
  1285 | D:3      | Found a shimmering altar of Xom.
  1288 | D:3      | Found a shimmering altar of Xom.
  1289 | D:3      | Found a shimmering altar of Xom.
  1299 | D:3      | You fall through a shaft!
  1328 | D:4      | Reached skill level 6 in Unarmed Combat
  1366 | D:4      | Found a sparkling altar of Nemelex Xobeh.
  1426 | D:4      | Reached XP level 5. HP: 50/50 MP: 4/4
  1489 | D:4      | Found a staircase to the Ecumenical Temple.
  1504 | Temple   | Entered the Ecumenical Temple
  1510 | Temple   | Reached skill level 7 in Unarmed Combat
  1593 | Temple   | Became a worshipper of Ru the Awakened
  1606 | D:4      | Reached XP level 6. HP: 35/59 MP: 5/5
  1628 | D:4      | Gained mutation: You cannot study or use magical devices. [Ru sacrifice]
  1628 | D:4      | Reached * piety under Ru
  1628 | D:4      | Reached ** piety under Ru
  1628 | D:4      | Reached *** piety under Ru
  1714 | D:4      | Found Aprehin's Armour Shoppe.
  1790 | D:4      | Found an oddly glowing altar of Pakellas.
  1932 | D:4      | Noticed Menkaure
  1939 | D:4      | Killed Menkaure
  1939 | D:4      | Reached skill level 8 in Unarmed Combat
  1956 | D:4      | Reached XP level 7. HP: 41/66 MP: 6/6
  2191 | D:5      | Entered Level 5 of the Dungeon
  2194 | D:5      | Found a stormy altar of Qazlal.
  2326 | D:5      | You fall through a shaft for 3 floors!
  2451 | D:8      | Reached skill level 9 in Unarmed Combat
  2470 | D:8      | Noticed Gastronok
  2718 | D:8      | Noticed a yak
  2718 | D:8      | Noticed a yak
  2718 | D:8      | Noticed a yak
  2718 | D:8      | Noticed a yak
  2720 | D:8      | Noticed a yak
  2756 | D:8      | Killed a yak
  2764 | D:8      | Killed a yak
  2764 | D:8      | Reached skill level 10 in Unarmed Combat
  2764 | D:8      | Reached XP level 8. HP: 42/74 MP: 7/7
  2862 | D:8      | HP: 3/74 [centaur/arrow (6)]
  2864 | D:8      | Shot with an arrow by a centaur

Vault maps used:
D:1:      minmay_arrival_solitary_statue
D:2:      old_standard_altar, ecumenical_altar_2
D:3:      xom_redecorated, grunt_temple_overflow_open, cheibriados_altar_1,
          minmay_stone_trees_small
D:4:      lemuel_round_altar, minmay_temple_entry_statues_fountains,
          first_bread, serial_shops, kennysheep_mini,
          nemelex_spade_bored_becter, uniq_menkaure
D:5:      grunt_qazlal_sundering
D:8:      enter_bailey_3, uniq_gastronok
Temple:   circular_temple_12

Skill      XL: |  1  2  3  4  5  6  7 |
---------------+----------------------+-----
Unarmed Combat | 5 6 7 8 10 | 10.1
Fighting       | |  2.4
Dodging        | |  2.5
Stealth        | |  1.1

Action                   |  1- 3 |  4- 6 |  7- 9 || total
-------------------------+-------+-------+-------++-------
Melee: Unarmed           |    81 |    94 |    90 ||   265
Invok: Sacrifice Artific |       |     1 |       ||     1
       Draw Out Power    |       |       |     1 ||     1
 Stab: Sleeping          |     1 |       |       ||     1
       Paralysed         |       |     3 |       ||     3
       Distracted        |       |       |     1 ||     1
  Eat: Chunk             |    12 |     6 |     8 ||    26
